 Dungeon Crawl Stone Soup version 0.28-a0-1382-g92835e5c71 (webtiles) character file.

Game seed: 14831970152224726888

168 Crownlay the Digger (level 5, -7/28 HPs)
             Began as a Gargoyle Earth Elementalist on Jan 1, 2022.
             Mangled by a gnoll (9 damage)
             ... on level 3 of the Dungeon.
             The game lasted 00:03:55 (3007 turns).

Crownlay the Digger (Gargoyle Earth Elementalist)   Turns: 3007, Time: 00:03:55

Health: -7/28      AC: 10    Str: 14    XL:     5   Next: 49%
Magic:  10/11      EV: 11    Int: 17    God:
Gold:   68         SH:  5    Dex: 10    Spells: 6/12 levels left

rFire   . . .      SeeInvis .   g - +7 dagger of Wisdom {freeze, Str+2}
rCold   . . .      Faith    .   (no shield)
rNeg    + . .      Spirit   .   b - +0 robe
rPois   ∞          Reflect  +   (no helmet)
rElec   +          Harm     .   (no cloak)
rCorr   .          Rampage  .   (no gloves)
Will    .....                   (no boots)
Stlth   ++........              e - amulet of reflection
HPRegen 0.09/turn               i - +4 ring of protection
MPRegen 0.12/turn               (no ring)

@: no status effects
A: sickness immunity, AC +4, negative energy resistance 1, electricity
resistance, torment resistance 1, petrification resistance
a: no special abilities


You were on level 3 of the Dungeon.
You visited 1 branch of the dungeon, and saw 3 of its levels.

You collected 94 gold pieces.
You spent 26 gold pieces at shops.

Inventory:

Hand Weapons
 g - the +7 dagger of Wisdom (weapon) {freeze, Str+2}
   (You found it on level 2 of the Dungeon)

   It freezes those it strikes, dealing additional cold damage.
   It can also slow down cold-blooded creatures.
   Str:       It affects your strength (+2).
Missiles
 c - 154 stones
Armour
 b - a +0 robe (worn)
Jewellery
 e - an amulet of reflection (around neck)
 i - a +4 ring of protection (left hand)
Scrolls
 a - a scroll of enchant armour {unknown}
 d - 3 scrolls of identify
 f - 2 scrolls of teleportation
 h - a scroll of brand weapon {unknown}
 j - a scroll of blinking {unknown}
 k - a scroll of fog {unknown}
Potions
 l - a potion of curing


   Skills:
 - Level 1.5 Dodging
 - Level 2.1 Stealth
 * Level 4.3 Spellcasting
 - Level 0.7 Transmutations
 + Level 5.0 Earth Magic


You had 6 spell levels left.
You knew the following spells:

 Your Spells              Type           Power      Damage    Failure   Level
a - Sandblast             Erth           40%        2d10      1%          1
b - Stone Arrow           Conj/Erth      24%        3d8       16%         3
c - Passwall              Tmut/Erth      10%        N/A       7%          2

Your spell library contained the following spells:

 Spells                   Type           Power      Damage    Failure   Level
 Scorch                   Fire           6%         2d5       22%         2
 Petrify                  Tmut/Erth      13%        N/A       43%         4
 Flame Wave               Conj/Fire      3%         2d4       83%         4
 Summon Cactus Giant      Summ           1%         N/A       100%        6


Dungeon Overview and Level Annotations

Branches:
Dungeon (3/15)

Altars:
Trog

Shops:
D:1 (=??


Innate Abilities, Weirdness & Mutations

You are immune to sickness and miasma.
Your stone body is resilient. (AC +4)
You are immune to poison.
You resist negative energy. (rN+)
You are resistant to electric shocks. (rElec)
You are resistant to unholy torment.
You are immune to petrification.


Message History

You kill the goblin!
You block the gnoll's attack.
The gnoll hits you from afar with a +2 spear of venom!
The gnoll hits you but does no damage. The kobold hits you but does no damage.
The hobgoblin closely misses you.
The hobgoblin hits you but does no damage. x2
You are too injured to fight recklessly!
You are too injured to fight recklessly!
You are too injured to fight recklessly!
The hobgoblin hits you but does no damage.
You block the gnoll's attack. The kobold hits you but does no damage.
The kobold throws a stone.
The stone hits you but does no damage.
There is an open door here.
Casting: Sandblast (safe; 1% risk of failure)
Confirm with . or Enter, or press ? or * to list all spells.
Aiming: Sandblast (safe; 1% risk of failure)
Press: ? - help, Shift-Dir - straight line, f - kobold
Aim: a kobold, wielding a +0 whip (76% to hit)
The blast of sand hits the kobold.
You kill the kobold!
The kobold throws a stone.
The stone barely misses you. The hobgoblin barely misses you.
Casting: Sandblast (safe; 1% risk of failure)
Confirm with . or Enter, or press ? or * to list all spells.
Aiming: Sandblast (safe; 1% risk of failure)
Press: ? - help, Shift-Dir - straight line, f - kobold
Aim: a kobold, wielding a +0 whip (76% to hit)
The blast of sand misses the kobold.
The blast of sand hits the kobold.
You kill the kobold!
The gnoll hits you from afar with a +0 spear.
The kobold barely misses you.
The gnoll hits you from afar with a +2 spear of venom.
* * * LOW HITPOINT WARNING * * *
The hobgoblin hits you with a +0 club.
* * * LOW HITPOINT WARNING * * *
Okay, then.
Okay, then.
The gnoll hits you from afar with a +0 halberd!
You die...

≈≈≈≈..(.)≈≈≈≈≈ ≈≈≈≈.....)≈≈≈≈
≈≈≈≈≈....≈≈≈≈≈ ######
################''######
.....## ##.....#)......#....#
......###......'.).....#..).#
.......#......(#########.)).##
...)..g#......g.......#.)....#
..)).g)'..gggg.K@...))'......+
......K#...........)))#......#
...).K.#.......#########....##
......###......'.......#....#
.....## ##.....#)......#....#
###### ####################


You could see 3 gnolls, 2 hobgoblins and a kobold.

Vanquished Creatures
  Jessica (D:3)
  An orc wizard (D:3)
  2 gnolls (D:3)
  An adder (D:2)
  A worm (D:2)
  4 orcs (D:3)
  6 ball pythons
  6 bats
  5 endoplasms
  4 giant cockroaches
  19 goblins
  11 hobgoblins
  2 jackals (D:2)
  A quokka (D:2)
  4 frilled lizards (D:1)
  6 kobolds
  A rat (D:2)
75 creatures vanquished.

Notes
Turn   | Place    | Note
-------+----------+-------------------------------------------
     0 | D:1      | Crownlay the Gargoyle Earth Elementalist began the quest
                  | for the Orb.
     0 | D:1      | Reached XP level 1. HP: 10/10 MP: 3/3
   129 | D:1      | Found Vokhise's Jewellery Boutique.
   135 | D:1      | Found Xyddeip's Magic Scroll Shoppe.
   173 | D:1      | Bought a scroll of identify for 26 gold pieces
   217 | D:1      | Reached XP level 2. HP: 12/15 MP: 0/5
   309 | D:1      | Found Nid Hodett's Weapon Shop.
   808 | D:1      | Reached skill level 4 in Earth Magic
   815 | D:1      | Found a faded altar of an unknown god.
  1065 | D:1      | Found Onev's Magic Scroll Boutique.
  1568 | D:2      | Reached XP level 3. HP: 16/19 MP: 4/7
  1573 | D:2      | Learned a level 3 spell: Stone Arrow
  1576 | D:2      | Learned a level 2 spell: Passwall
  1579 | D:2      | Identified the +7 dagger of Wisdom {freeze, Str+2}
  1772 | D:2      | Found a bloodstained altar of Trog.
  2376 | D:3      | Noticed Jessica
  2381 | D:3      | Killed Jessica
  2382 | D:3      | Reached XP level 4. HP: 24/24 MP: 5/9
  2834 | D:3      | Reached XP level 5. HP: 23/28 MP: 0/10
  2934 | D:3      | Reached skill level 5 in Earth Magic
  2998 | D:3      | HP: 1/28 [hobgoblin (6)]
  3007 | D:3      | Mangled by a gnoll

Illustrated notes

Levels and vault maps discovered:
D:1:      minmay_arrival_jagged, layout_basic, serial_shops, shop,
          shop_fountains, nicolae_shop_crystal, shop,
          shapermc_ecumenical_altar_gd
D:2:      layout_loops_cross, basic_altar, minmay_fountain_box,
          dk_noncrumbling_4, minmay_split_cup_small
D:3:      minmay_goblin_kobold_castle, layout_basic, uniq_terence, uniq_jessica

Skill      XL: |  1  2  3  4  5 |
---------------+----------------+-----
Earth Magic    | 4 5 |  5.0
Spellcasting   | 3 4 |  4.3
Dodging        | |  1.5
Stealth        | |  2.1
Transmutations | |  0.7

Action                   |  1- 3 |  4- 6 || total
-------------------------+-------+-------++-------
Melee: Club              |    63 |       ||    63
       Dagger            |    41 |    38 ||    79
 Cast: Sandblast         |    17 |    20 ||    37
  Use: Scroll            |     1 |       ||     1
 Stab: Sleeping          |     5 |     2 ||     7
       Distracted        |     1 |       ||     1
Armor: Robe              |    49 |    39 ||    88
Dodge: Dodged            |    78 |    41 ||   119
Block: Other             |     3 |    19 ||    22
       Reflection        |       |     7 ||     7

Table legend: (Time is in decaauts)
 A = Elapsed time spent in this place.
 B = Non-inter-level travel time spent in this place.
 C = Inter-level travel time spent in this place.
 D = Time resting spent in this place.
 E = Time spent auto-exploring this place.
 F = Levels seen in this place.
 G = Mean time per level.
                   A        B        C        D        E       F      G
               +--------+--------+--------+--------+--------+-----+--------+
         Total |   3024 |   3019 |      5 |      0 |   2561 |   3 | 1008.0 |
       Dungeon |   3024 |   3019 |      5 |      0 |   2561 |   3 | 1008.0 |
               +--------+--------+--------+--------+--------+-----+--------+

Top non-repeatable levels by time:
     D:1: 1231 daAuts
     D:2: 1030 daAuts
     D:3: 762 daAuts
